 Dungeon Crawl Stone Soup version 0.13-a0-2682-gb26bf1a (webtiles) character file.

155 M4edhros the Charlatan (level 4, 0/29 HPs)
             Began as an Octopode Artificer on Aug 13, 2013.
             Succumbed to a worker ant's poison
             ... on Level 4 of the Dungeon on Aug 14, 2013.
             The game lasted 00:02:06 (1559 turns).

M4edhros the Charlatan (Octopode Artificer)         Turns: 1559, Time: 00:02:06

HP   0/29        AC  1     Str 10      XL: 4   Next: 49%
MP   8/8         EV 12     Int 15      God:
Gold 69          SH  0     Dex 12      Spells:  0 memorised,  3 levels left

Res.Fire  : . . .   See Invis. : .   g - +2 whip (reach)
Res.Cold  : . . .   Warding    : .   (no shield)
Life Prot.: . . .   Conserve   : .   (helmet restricted)
Res.Poison: .       Res.Corr.  : .   (no amulet)
Res.Elec. : .       Clarity    : .   o - ring of sustenance {unknown}
Sust.Abil.: . .     Spirit.Shd : .   (no ring)
Res.Mut.  : .       Stasis     : .   (no ring)
Res.Rott. : .       Flight     : .   (no ring)
Saprovore : . . .                    (no ring)
                                     (no ring)
                                     (no ring)
                                     (no ring)

@: mildly poisoned, slightly resistant to hostile enchantments, stealthy
A: almost no armour, amphibious, 8 rings, constrict 8, camouflage 1, AC +1
a: no special abilities


You were on level 4 of the Dungeon.
You were not hungry.

You visited 1 branch of the dungeon, and saw 4 of its levels.

You collected 49 gold pieces.

Inventory:

Hand weapons
 a - a +0,+0 short sword
 g - a +2,+2 whip of reaching (weapon)
Magical devices
 b - a wand of flame (13)
 c - a wand of enslavement (14)
 d - a wand of random effects (15)
Comestibles
 f - a bread ration
 l - an apple
 q - 10 grapes
Scrolls
 h - a scroll of curse jewellery {unknown}
 k - a scroll of enchant weapon II {unknown}
 m - 2 scrolls of fog {unknown}
 n - a scroll of identify {unknown}
 p - a scroll of remove curse {unknown}
 r - 3 scrolls of enchant armour {unknown}
Jewellery
 o - a ring of sustenance (left tentacle) {unknown}
Potions
 e - a potion of heal wounds {unknown}
 j - 2 potions of flight {unknown}


   Skills:
 - Level 1.0 Fighting
 - Level 1.0 Short Blades
 - Level 2.0 Dodging
 - Level 1.3 Stealth
 + Level 6.0 Evocations


You had 3 spell levels left.
You didn't know any spells.

Dungeon Overview and Level Annotations

Branches:
Dungeon (4/27)
 Temple: D:4-7

Altars:

Annotations
D:3 Sigmund


Innate Abilities, Weirdness & Mutations

You cannot wear most types of armour.
You are amphibious.
You can wear up to eight rings at the same time.
You can use your tentacles to constrict many enemies at once.
Your skin changes colour to match your surroundings (Stlth).
Your rubbery body absorbs attacks (AC +1).


Message History

You start resting.
* * * LOW HITPOINT WARNING * * *
You feel sick.
You start resting.
* * * LOW HITPOINT WARNING * * *
You feel sick.
You start resting.
* * * LOW HITPOINT WARNING * * *
You feel sick.
You start resting.
* * * LOW HITPOINT WARNING * * *
You feel sick.
You start resting.
* * * LOW HITPOINT WARNING * * *
You feel sick.
You start resting.
* * * LOW HITPOINT WARNING * * *
You feel sick.
You start resting.
You die...

#....# #.# #####....#
#.# .........# #.#
.........############.#
......................##
........................
.######..#####..........
. #..# #........... #..#
+..@........ #..#
#........... #..#
#.(........ #..#
#...######+ #..# #...#
#..# #...# #.. #...#
....# ..#


There were no monsters in sight!

Vanquished Creatures
  A worker ant (D:4)
  3 adders
  An orc (D:3)
  A ball python (D:3)
  2 goblins (D:1)
  3 hobgoblins (D:3)
  A quokka (D:3)
  6 bats
  A giant gecko (D:3)
  3 giant newts
  7 kobolds
  3 rats
  A rat skeleton (D:4)
33 creatures vanquished.

Notes
Turn   | Place    | Note
--------------------------------------------------------------
     0 | D:1      | M4edhros, the Octopode Artificer, began the quest for the Orb.
     0 | D:1      | Reached XP level 1. HP: 14/14 MP: 1/1
   171 | D:1      | Reached skill level 4 in Evocations
   171 | D:1      | Reached XP level 2. HP: 9/19 MP: 3/3
   495 | D:3      | Reached XP level 3. HP: 24/24 MP: 5/5
   568 | D:3      | Reached skill level 5 in Evocations
  1091 | D:3      | Noticed Sigmund
  1294 | D:4      | Reached XP level 4. HP: 25/29 MP: 7/7
  1491 | D:4      | Reached skill level 6 in Evocations
  1557 | D:4      | HP: 1/29 [poisoned by a worker ant]
  1559 | D:4      | Succumbed to a worker ant's poison

Action                   |  1- 3 |  4- 6 || total
-------------------------+-------+-------++-------
Melee: Whip              |    70 |     6 ||    76
       Short sword       |     4 |       ||     4
Evoke: Wand              |     1 |     2 ||     3
  Use: Potion            |     2 |     1 ||     3
 Stab: Sleeping          |     8 |     1 ||     9
